 Dungeon Crawl Stone Soup version 0.28.0-1-gb440e238dd (webtiles) character file.

Game seed: 5758569282999142640

27768 Floobenga the Severer (level 13, 0/115 HPs)
             Began as a Deep Dwarf Fighter on Feb 19, 2022.
             Was a Priest of Jiyva.
             Slain by a caustic shrike simulacrum (16 damage)
             ... in an ice cave.
             The game lasted 03:06:34 (4057 turns).

Floobenga the Severer (Deep Dwarf Fighter)          Turns: 4057, Time: 03:06:35

Health: 0/115      AC: 13    Str: 25    XL:     13   Next: 6%
Magic:  1/2        EV:  9    Int:  9    God:    Jiyva [***...]
Gold:   397        SH:  0    Dex: 12    Spells: 29/31 levels left

rFire   + . .      SeeInvis +   r - +1 battleaxe
rCold   + + .      Faith    +   (shield currently unavailable)
rNeg    + . .      Spirit   .   e - +2 scale mail {rC+}
rPois   +          Reflect  .   h - +0 helmet
rElec   +          Harm     .   (no cloak)
rCorr   +          Rampage  .   C - +0 pair of gloves
Will    +....                   (no boots)
Stlth   ..........              l - amulet of faith
HPRegen 1.12/turn               d - ring of flight
MPRegen 0.43/turn               z - ring of positive energy

@: resistant, calling ooze, flying, slowed, constricted, very slow
A: damage resistance, heal wounds, sense surroundings 3, no regeneration, see
invisible, wild magic 1, jelly sensing items
a: Heal Wounds, Renounce Religion, Oozemancy


You were in an ice cave.
You worshipped Jiyva.
Jiyva was most pleased with you.
You visited 5 branches of the dungeon, and saw 24 of its levels.
You also visited: Ice Cave.

You collected 689 gold pieces.
You spent 292 gold pieces at shops.

Inventory:

Hand Weapons
 a - a +0 war axe
 i - a +2 whip of electrocution
 k - the +4 long sword of the Sugar Beet {freeze, rPois rN+ Dex-2}
   (You found it on level 5 of the Lair of Beasts)

   It freezes those it strikes, dealing additional cold damage.
   It can also slow down cold-blooded creatures.
   Dex:       It affects your dexterity (-2).
   rPois:     It protects you from poison.
   rN:        It protects you from negative energy.
 n - a +2 spear of venom
 q - a +2 trident of freezing
 r - a +1 battleaxe (weapon)
 u - the +1 war axe "Kameul" {freeze, rN++}
   (You found it on level 6 of the Lair of Beasts)

   It freezes those it strikes, dealing additional cold damage.
   It can also slow down cold-blooded creatures.
   rN:        It greatly protects you from negative energy.
 y - a +2 vorpal hand axe
Missiles
 b - 9 poisoned darts
 t - 5 boomerangs
 v - 70 stones (quivered)
Armour
 c - a +0 buckler
 e - a +2 scale mail of cold resistance (worn)
 h - a +0 helmet (worn)
 p - the +1 chain mail of Asceticism {rElec rCorr Int+2}
   (You found it on level 7 of the Dungeon)

   Int:       It affects your intelligence (+2).
   rElec:     It insulates you from electricity.
   rCorr:     It protects you from acid and corrosion.
 C - a +0 pair of gloves (worn)
 E - a +2 chain mail of positive energy
Jewellery
 d - a ring of flight (left hand)
 l - an amulet of faith (around neck)
 z - a ring of positive energy (right hand)
Wands
 D - a wand of digging (1)
 I - a wand of iceblast (2)
 V - a wand of flame (20)
Scrolls
 f - 2 scrolls of fog
 j - a scroll of silence {!r}
 m - a scroll of immolation
 o - a scroll of enchant armour {unknown}
 w - a scroll of vulnerability
 x - a scroll of amnesia
 A - a scroll of fear {unknown}
Potions
 g - 2 potions of lignification
 s - 3 potions of brilliance
 F - a potion of mutation
 Q - a potion of curing


   Skills:
 - Level 7.0 Fighting
 - Level 16.0 Axes
 - Level 8.8 Armour
 - Level 4.8 Dodging
 - Level 3.2 Shields
 + Level 9.7 Spellcasting
 - Level 2.0 Translocations
 - Level 5.0 Invocations
 - Level 4.0 Evocations


You had 29 spell levels left.
You knew the following spells:

 Your Spells              Type           Power      Damage    Failure   Level
d - Blink                 Tloc           20%        N/A       28%         2

Your spell library contained the following spells:

 Spells                   Type           Power      Damage    Failure   Level
 Lesser Beckoning         Tloc           10%        N/A       47%         3
 Hailstorm                Conj/Ice       5%         3d4       98%         4
 Ice Form                 Ice/Tmut       5%         N/A       98%         4
 Manifold Assault         Tloc           10%        N/A       99%         5
 Simulacrum               Ice/Necr       2%         N/A       100%        6


Dungeon Overview and Level Annotations

Branches:
Dungeon (13/15)              Lair (6/6) D:10         Shoals (2/4) Lair:2
 Spider (0/4) Lair:4        Slime (0/5) Lair:6          Orc (2/2) D:11
    Elf (1/3) Orc:2         IceCv (1/1)
 Temple: D:4-7       Vaults: D:13-14

Altars:
Ashenzari
Elyvilon
Fedhas
Gozag
Nemelex Xobeh
The Shining One
Beogh
Jiyva

Shops:
D:9 *   Orc:1 =   Elf:1 *

Annotations:
Lair:4 Murgh's ghost, journeyman MiBe
Orc:2 Snorg IceCv 1 transporter


Innate Abilities, Weirdness & Mutations

You are resistant to damage.
You can heal yourself by infusing magical energy.
You passively map a large area around you.
You do not regenerate.
You have supernaturally acute eyesight. (SInv)
Your spells are a little harder to cast, but a little more powerful.
You have a small jelly attached to you that senses nearby items.


Message History

The anaconda simulacrum constricts you.
The caustic shrike simulacrum barely misses you.
You feel much better.
Your surroundings seem slightly different.
The anaconda simulacrum loses its grip on you.
The caustic shrike simulacrum barely misses you.
Okay, then.
Unknown command.
Press: ? - help, v - describe, . - travel
Here: a caustic shrike simulacrum The floor.
Unknown command.
Unknown command.
Unknown command.
Activating: Oozemancy (13% risk of failure)
Press: ? - help, Dir - look around, f - activate Slime begins to ooze from the nearby walls!
The wall melts the anaconda simulacrum!
The anaconda simulacrum grabs you.
The anaconda simulacrum closely misses you.
The anaconda simulacrum constricts you.
The wall melts the caustic shrike simulacrum!
The caustic shrike simulacrum closely misses you.
The harpy simulacrum completely misses you.
The harpy simulacrum claws you but does no damage.
The wall melts the anaconda simulacrum!
The anaconda simulacrum bites you. The anaconda simulacrum freezes you!
You resist. The anaconda simulacrum constricts you.
The wall melts the caustic shrike simulacrum!
The caustic shrike simulacrum claws you!!
* * * LOW HITPOINT WARNING * * *
The caustic shrike simulacrum freezes you!
You resist.
* * * LOW HITPOINT WARNING * * *
The harpy simulacrum claws you. The harpy simulacrum freezes you. You resist.
* * * LOW HITPOINT WARNING * * *
The harpy simulacrum claws you but does no damage.
The walls melt the anaconda simulacrum!
The wall melts the anaconda simulacrum!
The anaconda simulacrum bites you. The anaconda simulacrum freezes you!
You resist.
* * * LOW HITPOINT WARNING * * *
The anaconda simulacrum constricts you.
Your magical essence is drained by the effort!
You feel much better. The harpy simulacrum claws you!
* * * LOW HITPOINT WARNING * * *
The harpy simulacrum freezes you. You resist.
* * * LOW HITPOINT WARNING * * *
The harpy simulacrum claws you but does no damage.
The wall melts the caustic shrike simulacrum!
The caustic shrike simulacrum claws you!!
You die...

##### * ####..@###
##....ZZZ.## 8,
##.....ZZZ..# ,.,
##......u....#8...
#.......8Z.).#u...
#........Z[.8#WW.? *
#.∩.∩....[[©©#©..}
#.........(.8#...?,
#.......8..$.#....,*


You could see a white very ugly thing, 3 anaconda simulacra, a four-headed hydra
simulacrum, a lindwurm simulacrum, a golden dragon simulacrum, a harpy
simulacrum and a caustic shrike simulacrum.

Vanquished Creatures
  2 hydras (Lair:5)
  A catoblepas (Lair:6)
  A dancing weapon (Elf:1)
  4 death yaks (Lair:5)
  A deep elf knight (Elf:1)
  A lindwurm (Lair:6)
  An orc knight (D:11)
  2 manticores (Shoals:1)
  A merfolk siren (Shoals:1)
  10 elephants
  3 black mambas
  A torpor snail (Lair:4)
  2 unseen horrors (D:11)
  5 cane toads
  A kobold demonologist (D:11)
  2 freezing wraiths (Shoals:1)
  3 rime drakes
  A komodo dragon (Lair:4)
  A meliai (Lair:4)
  2 trolls
  3 blink frogs (Lair:6)
  A dream sheep (Lair:6)
  A snapping turtle (Shoals:1)
  2 wraiths
  24 yaks
  A water elemental (D:11)
  2 basilisks
  3 wyverns
  A steam dragon (D:9)
  3 wargs (D:10)
  An acid dragon (D:12)
  8 water moccasins
  An ice beast (D:6)
  7 orc warriors
  2 ogres (Orc:1)
  5 wolves (Lair:6)
  2 kobold brigands (D:11)
  A gnoll sergeant (D:10)
  6 bullfrogs
  4 killer bees
  10 wights
  5 electric eels
  3 centaur zombies
  A bullfrog zombie (D:7)
  A jelly (D:6)
  9 orc priests
  An iguana (D:7)
  11 orc wizards
  10 hell rats
  Terence (D:2)
  Robin (D:2)
  A howler monkey zombie (D:9)
  3 gnolls (D:10)
  A worm (D:2)
  A dart slug (D:2)
  33 orcs
  3 endoplasms
  A giant cockroach (D:2)
  10 goblins (D:2)
  4 hobgoblins
  5 kobolds
  3 quokkas
  3 ball pythons
  5 bats
  2 frilled lizards (D:1)
  A rat (D:3)
252 creatures vanquished.

Vanquished Creatures (others)
  A water elemental (Shoals:1)
  15 jellies
  A quokka (D:7)
  37 fungi
  60 plants
114 creatures vanquished.

Grand Total: 366 creatures vanquished

Notes
Turn   | Place    | Note
-------+----------+-------------------------------------------
     0 | D:1      | Floobenga the Deep Dwarf Fighter began the quest for the
                  | Orb.
     0 | D:1      | Reached XP level 1. HP: 20/20 MP: 1/1
    42 | D:2      | Reached skill level 3 in Axes
    42 | D:2      | Reached XP level 2. HP: 17/27 MP: 2/2
   145 | D:2      | Noticed Terence
   158 | D:2      | Killed Terence
   159 | D:2      | Reached skill level 4 in Axes
   159 | D:2      | Reached XP level 3. HP: 19/33 MP: 3/3
   228 | D:2      | Noticed Robin
   241 | D:2      | Killed Robin
   263 | D:2      | Reached XP level 4. HP: 36/40 MP: 3/3
   268 | D:3      | Noticed a scorpion
   411 | D:4      | Reached skill level 5 in Axes
   411 | D:4      | Reached skill level 3 in Fighting
   474 | D:5      | Entered Level 5 of the Dungeon
   474 | D:5      | Noticed a water moccasin
   479 | D:5      | Killed a water moccasin
   480 | D:5      | Reached skill level 6 in Axes
   480 | D:5      | Reached XP level 5. HP: 29/49 MP: 4/4
   519 | D:5      | Found a blossoming altar of Fedhas.
   560 | D:6      | Reached skill level 7 in Axes
   560 | D:6      | Reached XP level 6. HP: 49/56 MP: 5/5
   621 | D:6      | Noticed a water moccasin
   644 | D:6      | Killed a water moccasin
   645 | D:6      | Reached skill level 8 in Axes
   645 | D:6      | Reached XP level 7. HP: 41/59 MP: 4/4
   709 | D:6      | Reached skill level 9 in Axes
   740 | D:7      | Identified the +1 chain mail of Asceticism {rElec rCorr
                  | Int+2}
   763 | D:7      | Found a white marble altar of Elyvilon.
   769 | D:7      | Became a worshipper of Elyvilon the Healer
   862 | D:8      | Reached XP level 8. HP: 30/56 MP: 4/4
   881 | D:8      | Found a sparkling altar of Nemelex Xobeh.
   950 | D:8      | Reached skill level 10 in Axes
   972 | D:9      | Found a glowing golden altar of the Shining One.
   982 | D:9      | Reached * piety under Elyvilon
   995 | D:9      | Reached skill level 11 in Axes
   997 | D:9      | Reached skill level 12 in Axes
  1005 | D:10     | Entered Level 10 of the Dungeon
  1013 | D:10     | Found an opulent altar of Gozag.
  1032 | D:10     | Noticed a two-headed ogre
  1045 | D:10     | Found a broken altar of Ashenzari.
  1069 | D:9      | Found Sazed's General Store.
  1092 | D:9      | Gained mutation: You passively map the area around you.
                  | [Deep Dwarf growth]
  1092 | D:9      | Reached XP level 9. HP: 11/78 MP: 3/3
  1176 | D:9      | Reached skill level 13 in Axes
  1189 | D:9      | Reached skill level 1 in Invocations
  1192 | D:9      | Reached skill level 3 in Invocations
  1368 | D:10     | Noticed an eight-headed hydra
  1375 | D:10     | Noticed a troll
  1389 | D:10     | Killed a troll
  1425 | D:10     | Found a staircase to the Lair.
  1434 | D:10     | Reached skill level 1 in Spellcasting
  1441 | D:10     | Reached skill level 3 in Spellcasting
  1485 | D:11     | Noticed a troll
  1492 | D:11     | Killed a troll
  1493 | D:11     | Reached XP level 10. HP: 64/88 MP: 3/3
  1505 | D:11     | Reached skill level 1 in Dodging
  1543 | D:11     | Reached skill level 6 in Armour
  1545 | D:11     | Reached ** piety under Elyvilon
  1611 | D:11     | Noticed a rust devil
  1723 | D:12     | Noticed a two-headed ogre
  1850 | D:11     | Noticed an orc knight
  1854 | D:11     | Reached skill level 14 in Axes
  1918 | D:11     | Killed an orc knight
  1941 | D:11     | Found a staircase to the Orcish Mines.
  1957 | Orc:1    | Entered Level 1 of the Orcish Mines
  1957 | Orc:1    | Found Gienud's Jewellery Emporium.
  1987 | Orc:1    | Reached skill level 15 in Axes
  2013 | Orc:2    | Entered Level 2 of the Orcish Mines
  2017 | Orc:2    | Found a staircase to the Elven Halls.
  2027 | Orc:2    | Noticed an orc knight
  2028 | Elf:1    | Entered Level 1 of the Elven Halls
  2033 | Elf:1    | Noticed a +4 flail of protection
  2043 | Elf:1    | Gained mutation: Your flesh is heat resistant. (rF+)
                  | [potion of mutation]
  2043 | Elf:1    | Gained mutation: Your muscles are strong. (Str +2) [potion
                  | of mutation]
  2047 | Elf:1    | Elyvilon protects you from harm!
  2048 | Elf:1    | Killed a +4 flail of protection
  2049 | Elf:1    | Reached XP level 11. HP: 18/94 MP: 1/1
  2052 | Elf:1    | Noticed a deep elf knight
  2056 | Elf:1    | Found Fuonem's General Store.
  2073 | Elf:1    | Reached *** piety under Elyvilon
  2075 | Elf:1    | Killed a deep elf knight
  2081 | Elf:1    | Bought a wand of iceblast (6) for 150 gold pieces
  2081 | Elf:1    | Bought a scroll of enchant weapon for 112 gold pieces
  2081 | Elf:1    | Bought a scroll of identify for 30 gold pieces
  2100 | Elf:1    | Noticed a deep elf archer
  2153 | Orc:2    | Noticed Snorg
  2308 | D:10     | Noticed a wizard
  2338 | Lair:1   | Entered Level 1 of the Lair of Beasts
  2362 | Lair:1   | Reached skill level 6 in Spellcasting
  2380 | Lair:2   | Found a staircase to the Shoals.
  2579 | Lair:3   | Reached skill level 16 in Axes
  2756 | Lair:5   | Noticed a five-headed hydra
  2766 | Lair:5   | Noticed a five-headed hydra
  2779 | Lair:5   | Killed a five-headed hydra
  2780 | Lair:5   | Reached skill level 6 in Fighting
  2795 | Lair:5   | You are sucked into a shaft and drop 1 floor!
  2795 | Lair:6   | Entered Level 6 of the Lair of Beasts
  2810 | Lair:6   | Reached skill level 3 in Dodging
  2822 | Lair:6   | Found a viscous altar of Jiyva.
  2845 | Lair:6   | Identified the +1 war axe "Kameul" {freeze, rN++}
  2871 | Lair:6   | Found a staircase to the Slime Pits.
  2874 | Lair:6   | Fell from the grace of Elyvilon
  2874 | Lair:6   | Became a worshipper of Jiyva Jilocamu the Shapeless
  2915 | Lair:6   | Reached skill level 1 in Evocations
  2929 | Lair:6   | Reached skill level 3 in Evocations
  2929 | Lair:6   | Reached XP level 12. HP: 67/105 MP: 4/4
  3048 | Lair:5   | Noticed a catoblepas
  3102 | Lair:5   | Noticed an eight-headed hydra
  3110 | Lair:5   | Killed an eight-headed hydra
  3155 | Lair:4   | Reached * piety under Jiyva
  3313 | Lair:3   | Reached ** piety under Jiyva
  3390 | Lair:4   | Noticed Murgh's ghost (journeyman MiBe)
  3470 | Lair:4   | Found a runed translucent door.
  3489 | Lair:4   | Found a hole to the Spider Nest.
  3539 | Lair:4   | You are sucked into a shaft and drop 2 floors!
  3539 | Lair:6   | Noticed a death yak
  3539 | Lair:6   | Noticed a catoblepas
  3539 | Lair:6   | Noticed a death yak
  3540 | Lair:6   | Noticed a four-headed hydra
  3559 | Lair:6   | Noticed a death yak
  3559 | Lair:6   | Noticed a dire elephant
  3583 | Lair:6   | Reached *** piety under Jiyva
  3623 | Lair:6   | Killed a catoblepas
  3651 | Lair:5   | Lost mutation: Your flesh is heat resistant. (rF+) [Jiyva's
                  | grace]
  3651 | Lair:5   | Lost mutation: Your muscles are strong. (Str +2) [Jiyva's
                  | grace]
  3651 | Lair:5   | Gained mutation: You have a small jelly attached to you
                  | that senses nearby items. [Jiyva's grace]
  3651 | Lair:5   | Gained mutation: You passively map a large area around you.
                  | [Jiyva's grace]
  3651 | Lair:5   | Gained mutation: You have supernaturally acute eyesight.
                  | (SInv) [Jiyva's grace]
  3651 | Lair:5   | Gained mutation: Your spells are a little harder to cast,
                  | but a little more powerful. [Jiyva's grace]
  3660 | Lair:5   | Noticed a death yak
  3660 | Lair:5   | Noticed a death yak
  3662 | Lair:5   | Noticed a death yak
  3663 | Lair:5   | Noticed a death yak
  3673 | Lair:5   | Killed a death yak
  3674 | Lair:5   | Killed a death yak
  3681 | Lair:5   | Killed a death yak
  3683 | Lair:5   | Killed a death yak
  3684 | Lair:5   | Reached skill level 9 in Spellcasting
  3702 | Lair:5   | Identified the +4 long sword of the Sugar Beet {freeze,
                  | rPois rN+ Dex-2}
  3808 | Lair:4   | Noticed a five-headed hydra
  3835 | Lair:3   | Learned a level 2 spell: Blink
  3910 | Lair:2   | Reached skill level 1 in Translocations
  3936 | Shoals:1 | Entered Level 1 of the Shoals
  4007 | Shoals:1 | Reached XP level 13. HP: 93/115 MP: 3/3
  4022 | Shoals:1 | Found a frozen archway.
  4047 | IceCv    | Entered an ice cave
  4047 | IceCv    | Noticed a white very ugly thing
  4051 | IceCv    | Found a transporter.
  4051 | IceCv    | Noticed a white very ugly thing
  4056 | IceCv    | HP: 3/115 [anaconda simulacrum (4)]
  4057 | IceCv    | Slain by a caustic shrike simulacrum

Illustrated notes

Levels and vault maps discovered:
D:1:      heliophobic_arrival_ceremonial_halls, layout_basic,
          shapermc_ecumenical_altar_flowoftime
D:2:      layout_rooms, kennysheep_flooded_box, roderic_serpentine_path,
          uniq_robin, uniq_terence
D:3:      minmay_wonky_spiral, layout_loops_ring
D:4:      layout_cave_pools, mainiacjoe_overflow_alcove_4, serial_forest,
          infiniplex_forest_clump_small, infiniplex_forest_clump_cross,
          infiniplex_forest_end_2, infiniplex_forest_clump_small,
          infiniplex_forest_join, infiniplex_forest_lined_room_2,
          infiniplex_forest_end_double, infiniplex_forest_lined_room_2,
          infiniplex_forest_straight_3
D:5:      layout_rooms, tgw_trog, mainiacjoe_overflow_concentric_impassable,
          mainiacjoe_overflow_tiny_flanked, minmay_temple_entry_fiery
D:6:      layout_basic, nicolae_overflow_crystal_walls, serial_bayou_pond_a,
          minmay_unpleasant_kobolds
D:7:      layout_loops_cross, lemuel_mausoleum_altar_kikubaaqudgha,
          chei_slow_surprise, elyvilon_altar_4
D:8:      layout_loops_cross, overflow_temple_1_default
D:9:      layout_long_grid, nicolae_uskayaw_suspiria, tso_oasis_becter,
          serial_shops, nicolae_shop_window_shopping, kennysheep_generic_room_3
D:10:     minmay_sliced_demisemicircle, layout_basic, general_overflow_altar,
          nicolae_ashenzari_panopticon, erik_lair_orcish_takeover
D:11:     layout_roguey, erik_orc_2, kennysheep_generic_room_9
D:12:     layout_cave_pods, uniq_frances, uniq_gastronok
D:13:     layout_layer_cave, minmay_fractal_squares_gapless_5
Lair:1:   layout_regular_city, ebering_ghost_reflecting_pool, grunt_megastairs_5
Lair:2:   layout_chaotic_city, shoals_dummy_entry, lemuel_fruit_fields,
          serial_bayou_shore_b, infiniplex_staircase_pool_2
Lair:3:   layout_chaotic_city, beast_lair_carwin_9
Lair:4:   layout_roguey, hellmonk_spider_entry_not_the_bees,
          hellmonk_ghost_happy_afterlife, serial_bayou_shore_a,
          serial_bayou_shore_b, uniq_nergalle
Lair:5:   layout_big_grid, hangedman_lair_unloving_vines
Lair:6:   hangedman_lair_in_review, layout_regular_city,
          dpeg_slime_entry_enclosed_altar, grunt_megastairs_3,
          infiniplex_staircase_pool
Shoals:1: layout_shoals, portal_ice_cave_entry_frozen_things
Shoals:2: layout_shoals, kb_tengu_band
Orc:1:    layout_diamond_mine, basic_altar, minmay_shop_enchanted_jewellery
Orc:2:    st_orc_mages, layout_diamond_mine, basic_altar, uniq_donald,
          uniq_snorg
Elf:1:    layout_loops_cross, serial_shops, shop, hangedman_elf_represent,
          minivault_25_ag
IceCv:    ice_cave_statue_garden_transporter

Skill      XL: |  1  2  3  4  5  6  7  8  9 10 11 12 |
---------------+-------------------------------------+-----
Axes           | 3 4 6 7 8 9 12 13 15 16 | 16.0
Fighting       | 3 4 5 6 7 |  7.0
Invocations    | 5 |  5.0
Armour         | 5 6 7 8 |  8.8
Spellcasting   | 3 4 6 9 |  9.7
Dodging        | 2 4 |  4.8
Evocations     | 3 4 |  4.0
Translocations | 2 |  2.0
Shields        | |  3.2

Action                   |  1- 3 |  4- 6 |  7- 9 | 10-12 | 13-15 || total
-------------------------+-------+-------+-------+-------+-------++-------
Melee: War axe           |    57 |    86 |    50 |   173 |       ||   366
       Battleaxe         |       |       |   131 |   395 |    20 ||   546
       Trident           |       |       |       |    29 |       ||    29
       Hand axe          |       |       |       |    21 |       ||    21
Throw: Stone             |       |       |     1 |    20 |       ||    21
       Boomerang         |       |       |     1 |     4 |       ||     5
       Dart              |       |       |       |    10 |       ||    10
Invok: Heal Self         |       |       |       |    12 |       ||    12
       Heal Other        |       |       |       |     4 |       ||     4
       Purification      |       |       |       |     2 |       ||     2
       Oozemancy         |       |       |       |       |     1 ||     1
 Abil: Heal Wounds       |     1 |    10 |    26 |    43 |     2 ||    82
Evoke: Wand              |       |       |       |    15 |       ||    15
  Use: Potion            |       |       |     2 |     6 |     1 ||     9
       Scroll            |       |       |       |    19 |     2 ||    21
 Stab: Invisible         |       |       |       |     4 |       ||     4
Armor: Scale mail        |    27 |    48 |    18 |     6 |    42 ||   141
       Chain mail        |       |       |   116 |   351 |       ||   467
Dodge: Dodged            |    16 |    34 |   124 |   274 |    34 ||   482
Block: Buckler           |    15 |    26 |    10 |    23 |       ||    74
